 Dungeon Crawl Stone Soup version 0.26-a0-21-gf97e55dc39 (webtiles) character file.

Game seed: 10828674984769896133, levelgen mode: deterministic

7499 Mrkan the Grappler (level 10, -26/107 HPs)
             Began as a Troll Hunter on May 25, 2020.
             Was a High Priest of Okawaru.
             Killed from afar by a deep elf mage (29 damage)
             ... with a bolt of lightning
             ... on level 12 of the Dungeon.
             The game lasted 00:18:10 (8573 turns).

Mrkan the Grappler (Troll Hunter)                   Turns: 8573, Time: 00:18:11

Health: -26/107    AC: 11    Str: 24    XL:     10   Next: 95%
Magic:  9/9        EV:  9    Int:  8    God:    Okawaru [*****.]
Gold:   412        SH:  0    Dex: 10    Spells: 9/9 levels left

rFire    + . .     SeeInvis +     - Unarmed
rCold    + . .     Gourm    +   (no shield)
rNeg     . . .     Faith    .   H - +0 troll leather armour
rPois    +         Spirit   .   J - +0 hat {SInv}
rElec    .         Reflect  .   n - +2 cloak
rCorr    .         Harm     .   (gloves unavailable)
MR       +....                  (boots unavailable)
Stlth    +.........             h - amulet of regeneration
HPRegen  1.47/turn              y - ring of poison resistance
MPRegen  0.11/turn              t - ring of the Traitor {rF+ rC+ MR+}

@: no status effects
A: large, unfitting armour, claws 3, fast metabolism 3, gourmand, regeneration
1, shaggy fur 1, tough skin 3
a: Heroism, Finesse, Renounce Religion


You were on level 12 of the Dungeon.
You worshipped Okawaru.
Okawaru was extremely pleased with you.
You were completely stuffed.

You visited 2 branches of the dungeon, and saw 13 of its levels.
You also visited: Ossuary.

You collected 991 gold pieces.
You spent 579 gold pieces at shops.

Inventory:

Missiles
 c - 9 large rocks (quivered)
 d - 2 throwing nets
 F - 35 poisoned darts
Armour
 n - a +2 cloak (worn)
 H - a +0 troll leather armour (worn)
 J - a +0 hat of see invisible (worn)
Jewellery
 e - an uncursed ring of resist corrosion
 h - an amulet of regeneration (around neck)
 k - an uncursed ring of protection from fire
 t - the ring of the Traitor (right claw) {rF+ rC+ MR+}
   (You bought it in a shop on level 8 of the Dungeon)

   [ring of protection from cold]

   It protects you from fire.
   It protects you from cold.
   It affects your resistance to hostile enchantments.
 u - an uncursed amulet of guardian spirit
 w - an uncursed amulet of magic regeneration {unknown}
 x - a +4 ring of evasion
 y - a ring of poison resistance (left claw)
 C - an uncursed ring of positive energy {unknown}
 O - an uncursed amulet of the acrobat {unknown}
Wands
 b - a wand of flame (7)
 g - a wand of acid (14)
 K - a wand of clouds (5)
 L - a wand of polymorph (5)
Scrolls
 a - 5 scrolls of magic mapping
 m - 4 scrolls of teleportation
 p - a scroll of blinking
 q - 7 scrolls of remove curse
 A - a scroll of amnesia
 D - a scroll of enchant weapon
 E - a scroll of fog
 I - 3 scrolls of identify
Potions
 i - 3 potions of flight
 j - 4 potions of resistance
 l - 2 potions of degeneration {unknown}
 r - a potion of might
 s - 6 potions of curing
 v - 4 potions of ambrosia
 z - a potion of stabbing {unknown}
 B - a potion of brilliance {unknown}
 G - 3 potions of berserk rage {unknown}
 M - a potion of mutation {unknown}
 N - a potion of haste {unknown}
 Q - a potion of invisibility {unknown}
Comestibles
 f - 21 rations


   Skills:
 + Level 9.0 Fighting
 - Level 9.0 Throwing
 - Level 1.5 Dodging
 - Level 0.3 Stealth
 - Level 10.0 Unarmed Combat


You had 9 spell levels left.
You didn't know any spells.
Your spell library contained the following spells:

 Spells                   Type           Power        Failure   Level  Hunger
 Beastly Appendage        Tmut           #.....       45%         1    ##.....
 Sticks to Snakes         Tmut           #.......     58%         2    ###....
 Spider Form              Tmut/Pois      #.........   83%         3    ####...
 Ice Form                 Ice/Tmut       #.......     99%         4    #####..
 Blade Hands              Tmut           #.........   100%        5    ######.


Dungeon Overview and Level Annotations

Branches:
Dungeon (12/15)            Temple (1/1) D:4             Orc (0/2) D:9
Ossuary (visited)
   Lair: D:8-11

Altars:
Ashenzari
Cheibriados
Dithmenos
Elyvilon
Fedhas
Gozag
Hepliaklqana
Kikubaaqudgha
Makhleb
Nemelex Xobeh
Okawaru
Qazlal
Ru
Sif Muna
Trog
Uskayaw
Vehumet
Wu Jian
Xom
Yredelemnul
Zin
The Shining One

Shops:
D:8 =


Innate Abilities, Weirdness & Mutations

You are too large for most types of armour.
You have claws for hands.
Your metabolism is lightning-fast.
You like to eat raw meat.
Your natural rate of healing is unusually fast.
You are covered in fur. (AC +1)
You have extremely tough skin. (AC +3)


Message History

* * * LOW HITPOINT WARNING * * *
The yak gores you.
* * * LOW HITPOINT WARNING * * *
The yak gores you.
* * * LOW HITPOINT WARNING * * *
You closely miss the deep elf mage.
The deep elf mage is almost dead.
The deep elf mage hits you but does no damage.
The yak barely misses you. The yak gores you.
* * * LOW HITPOINT WARNING * * *
All of the chunks of flesh in your inventory have rotted away.
Unknown command.
You barely miss the deep elf mage.
The deep elf mage is almost dead.
You miss the deep elf mage.
The deep elf mage is almost dead.
The yak gores you but does no damage. x2
The deep elf mage points at you and mumbles some strange words.
The bolt of lightning hits you!!
You die...

###############
...............
............#
.......Ye...#
#..Y@....#
#........#
#........#
#........#
#........#
#........#
..........
##..........


You could see a deep elf mage and 2 yaks.

Vanquished Creatures
  A two-headed ogre (D:10)
  A troll (D:8)
  4 hippogriffs
  A meliai zombie (D:10)
  A yak (D:11)
  A vampire (D:8)
  A wyvern (D:10)
  2 hungry ghosts (D:9)
  Grum (D:10)
  2 water moccasins
  An orc warrior (D:10)
  2 sky beasts
  A black bear (D:9)
  5 phantoms
  3 ogres
  2 wolves (D:10)
  6 centaurs
  2 elf zombies (Ossuary)
  A big kobold (D:10)
  4 bullfrogs
  A gnoll sergeant (D:9)
  A wyvern skeleton (D:10)
  A water moccasin skeleton (D:10)
  2 scorpions
  A troll zombie (D:9)
  10 killer bees (D:9)
  4 wights (D:9)
  2 howler monkeys
  3 electric eels (D:10)
  2 centaur zombies
  2 crimson imps
  A quasit (D:9)
  6 hounds
  A jelly (D:10)
  11 orc wizards
  2 centaur skeletons (D:10)
  2 orc priests (D:9)
  2 human zombies (Ossuary)
  2 iguanas
  8 worker ants
  2 big kobold zombies (Ossuary)
  5 ogre zombies (D:9)
  2 hound zombies
  4 mummies
  6 gnolls
  6 adders
  2 shadow imps
  2 adder zombies (Ossuary)
  An adder skeleton (D:8)
  4 leopard geckos
  23 orcs
  A ball python (D:6)
  3 giant cockroaches
  4 goblins
  2 hobgoblins
  2 jackals (D:5)
  2 kobolds
  4 quokkas
  7 bats
  6 frilled lizards
  2 gnoll zombies (Ossuary)
  A goblin skeleton (D:9)
  6 goblin zombies
  8 hobgoblin zombies
  7 jackal zombies
  2 kobold zombies
  2 orc skeletons (D:9)
  15 orc zombies
  3 quokka zombies (Ossuary)
  3 rats
  2 rat zombies (Ossuary)
245 creatures vanquished.

Vanquished Creatures (others)
  An orc (D:10)
1 creature vanquished.

Grand Total: 246 creatures vanquished

Notes
Turn   | Place    | Note
-------+----------+-------------------------------------------
     0 | D:1      | Mrkan the Troll Hunter began the quest for the Orb.
     0 | D:1      | Reached XP level 1. HP: 19/19 MP: 0/0
   596 | D:2      | Reached skill level 1 in Unarmed Combat
   596 | D:2      | Reached XP level 2. HP: 28/28 MP: 1/1
   628 | D:2      | Reached skill level 2 in Unarmed Combat
   639 | D:2      | Reached XP level 3. HP: 28/35 MP: 2/2
   646 | D:2      | Reached skill level 3 in Unarmed Combat
   753 | D:2      | Reached XP level 4. HP: 35/42 MP: 3/3
  1442 | D:3      | Found a faded altar of an unknown god.
  1800 | D:4      | Reached skill level 4 in Unarmed Combat
  1876 | D:4      | Found an ancient bone altar of Kikubaaqudgha.
  2092 | D:4      | Reached XP level 5. HP: 52/52 MP: 4/4
  2163 | D:4      | Found a staircase to the Ecumenical Temple.
  2196 | D:4      | Noticed an ogre
  2204 | D:4      | Killed an ogre
  2204 | D:4      | Reached skill level 5 in Unarmed Combat
  2237 | D:5      | Entered Level 5 of the Dungeon
  2256 | Temple   | Entered the Ecumenical Temple
  2280 | Temple   | Became a worshipper of Warmaster Okawaru
  2299 | D:4      | Found a snail-covered altar of Cheibriados.
  2300 | D:4      | Found a white marble altar of Elyvilon.
  2345 | D:4      | Noticed a phantom
  2393 | D:4      | Killed a phantom
  2393 | D:4      | Reached XP level 6. HP: 60/61 MP: 5/5
  2977 | D:5      | Noticed a sky beast
  2997 | D:5      | Killed a sky beast
  2997 | D:5      | Reached * piety under Okawaru
  2997 | D:5      | Reached XP level 7. HP: 44/70 MP: 6/6
  3049 | D:5      | Found a shattered altar of Ashenzari.
  3115 | D:5      | Reached skill level 5 in Throwing
  3277 | D:5      | Reached skill level 6 in Unarmed Combat
  3554 | D:6      | Reached ** piety under Okawaru
  3755 | D:6      | Reached skill level 7 in Unarmed Combat
  3755 | D:6      | Reached XP level 8. HP: 56/78 MP: 7/7
  4096 | D:6      | Reached skill level 5 in Fighting
  4596 | D:7      | Noticed a hippogriff
  4621 | D:7      | Killed a hippogriff
  4731 | D:7      | Found a sand-covered staircase.
  4733 | D:7      | Reached *** piety under Okawaru
  4736 | Ossuary  | Entered an ossuary
  4821 | Ossuary  | Reached XP level 9. HP: 78/88 MP: 8/8
  4895 | Ossuary  | Reached skill level 8 in Unarmed Combat
  6197 | D:8      | Found Fudelu's Jewellery Boutique.
  6276 | D:8      | Bought the ring of the Traitor {rF+ rC+ MR+} for 579 gold
                  | pieces
  6469 | D:8      | Found a shimmering blue altar of Sif Muna.
  6591 | D:9      | Noticed a troll
  6701 | D:8      | Killed a troll
  6701 | D:8      | Reached **** piety under Okawaru
  6701 | D:8      | Reached skill level 9 in Unarmed Combat
  6850 | D:9      | Found a staircase to the Orcish Mines.
  6916 | D:9      | Reached XP level 10. HP: 99/102 MP: 9/9
  6924 | D:9      | Reached skill level 10 in Unarmed Combat
  7122 | D:9      | Found an ornate altar of the Wu Jian Council.
  7162 | D:9      | Reached ***** piety under Okawaru
  7217 | D:9      | Found a basalt altar of Yredelemnul.
  7231 | D:9      | Found a shimmering altar of Xom.
  7499 | D:9      | Found a glowing silver altar of Zin.
  7511 | D:9      | Found a sparkling altar of Nemelex Xobeh.
  7605 | D:10     | Entered Level 10 of the Dungeon
  7676 | D:10     | Noticed Grum
  7683 | D:10     | Killed Grum
  7687 | D:10     | Received a gift from Okawaru
  7777 | D:10     | Noticed a two-headed ogre
  7796 | D:10     | Killed a two-headed ogre
  8554 | D:11     | Noticed a deep elf mage
  8570 | D:12     | HP: 4/107 [yak (2)]
  8571 | D:12     | HP: 1/107 [yak (3)]
  8573 | D:12     | Killed from afar by a deep elf mage

Illustrated notes

Levels and vault maps discovered:
D:1:      scummos_arrival_simple_fountains, layout_rooms, roderic_lattice_a,
          grunt_decor_cap
D:2:      layout_basic, first_ration
D:3:      layout_loops_ring, chequers_ecumenical_altar_simple_redux
D:4:      layout_basic, lemuel_zombie_altar_kikubaaqudgha,
          chequers_temple_overflow_statue_of_worship,
          minmay_temple_entry_butterflies, serial_bayou_pond_c
D:5:      layout_rooms, cheibrodos_ashenzari_chains
D:6:      layout_basic, nrook_loot_triangle
D:7:      layout_basic, nicolae_ossuary_entry_giza
D:8:      layout_rooms, tgw_sif, serial_shops, shop
D:9:      layout_rooms, lemuel_round_altar, nicolae_overflow_quartered_altars,
          zombieorc1_lemuel
D:10:     layout_long_grid, blue_anna_alchemist [blue_anna_fruit_fields,
          blue_anna_fruit_fields], kennysheep_boxes, uniq_grum
D:11:     layout_roguey, david_lair_generic, enter_bailey_3, uniq_snorg
D:12:     wad_lake_hut, layout_irregular_city, serial_shops, shop,
          gauntlet_entry_generic
Temple:   nicolae_temple_no_exploring_needed

Skill      XL: |  1  2  3  4  5  6  7  8  9 10 |
---------------+-------------------------------+-----
Fighting       | 2 3 4 5 7 9 |  9.0
Unarmed Combat | 1 2 3 4 5 7 9 10 | 10.0
Throwing       | 4 5 7 9 |  9.0
Dodging        | |  1.5
Stealth        | |  0.3

Action                   |  1- 3 |  4- 6 |  7- 9 | 10-12 || total
-------------------------+-------+-------+-------+-------++-------
Melee: Short sword       |    18 |       |       |       ||    18
       Unarmed           |    57 |   129 |   471 |   225 ||   882
       Punch             |     1 |     1 |    16 |     9 ||    27
  Use: Scroll            |       |       |    15 |       ||    15
       Potion            |       |       |     1 |     1 ||     2
 Stab: Sleeping          |       |     2 |     1 |       ||     3
  Eat: Chunk             |    12 |    20 |    33 |    22 ||    87
       Ration            |       |       |     2 |       ||     2
Armor: Robe              |    63 |    59 |   158 |       ||   280
       Troll leather arm |       |       |    44 |   108 ||   152
Dodge: Dodged            |    71 |    65 |   239 |   127 ||   502

Table legend:
 A = Non-vault XP
 B = Vault XP
 C = Vault XP percentage of total XP
 D = Non-vault monster count
 E = Vault monster count
 F = Vault count percentage of total count
                 A         B        C        D         E       F
            +---------+---------+-------+---------+---------+-------
      Total |    9010 |    1703 |  15.9 |     171 |      74 |  30.2
            +---------+---------+-------+---------+---------+-------
        D:1 |      11 |       0 |   0.0 |       7 |       0 |   0.0
        D:2 |      99 |       0 |   0.0 |      17 |       0 |   0.0
        D:3 |       9 |       0 |   0.0 |       6 |       0 |   0.0
        D:4 |     383 |       0 |   0.0 |       8 |       0 |   0.0
        D:5 |     688 |       0 |   0.0 |      14 |       0 |   0.0
        D:6 |     992 |       0 |   0.0 |      26 |       0 |   0.0
        D:7 |     725 |      20 |   2.7 |      10 |       3 |  23.1
        D:8 |    1289 |       0 |   0.0 |      18 |       0 |   0.0
        D:9 |    2043 |     698 |  25.5 |      40 |      29 |  42.0
       D:10 |    2618 |     519 |  16.5 |      24 |       4 |  14.3
       D:11 |     153 |       0 |   0.0 |       1 |       0 |   0.0
    Ossuary |       0 |     466 | 100.0 |       0 |      38 | 100.0
            +---------+---------+-------+---------+---------+-------
